 Dungeon Crawl Stone Soup version 0.29.1-2-gbd0b4ee654 (webtiles) character file.

Game seed: 12341044277850746695

4 xian the Firebug (level 1, 0/13 HPs)
             Began as a Demonspawn Fire Elementalist on Nov 8, 2022.
             Slain by a hobgoblin (2 damage)
             ... on level 1 of the Dungeon.
             The game lasted 00:00:51 (416 turns).

xian the Firebug (Demonspawn Fire Elementalist)      Turns: 416, Time: 00:00:51

Health: 0/13       AC:  3    Str:  8    XL:     1   Next: 58%
Magic:  3/3        EV: 11    Int: 16    God:
Gold:   0          SH:  0    Dex: 13    Spells: 3/4 levels left

rFire   . . .      SeeInvis .   d - +0 spear
rCold   . . .      Faith    .   (no shield)
rNeg    . . .      Spirit   .   e - +0 leather armour
rPois   .          Reflect  .   (no helmet)
rElec   .          Harm     .   (no cloak)
rCorr   .          Rampage  .   (no gloves)
Will    .....                   (no boots)
Stlth   ++........              (no amulet)
HPRegen 0.04/turn               (no ring)
MPRegen 0.08/turn               (no ring)

@: no status effects
A: no striking features
a: no special abilities


You were on level 1 of the Dungeon.
You visited 1 branch of the dungeon, and saw 1 of its levels.

Inventory:

Hand Weapons
 d - a +0 spear (weapon)
Armour
 e - a +0 leather armour (worn)
Scrolls
 c - a scroll of identify {unknown}
Potions
 b - a potion of magic


   Skills:
 + Level 1.7 Dodging
 + Level 1.7 Stealth
 + Level 2.1 Spellcasting
 + Level 1.0 Conjurations
 + Level 2.9 Fire Magic


You had 3 spell levels left.
You knew the following spells:

 Your Spells              Type           Power      Damage    Failure   Level
a - Foxfire               Conj/Fire      32%        2x1d5     13%         1

Your spell library contained the following spells:

 Spells                   Type           Power      Damage    Failure   Level
 Scorch                   Fire           22%        2d6       14%         2
 Conjure Flame            Conj/Fire      8%         6-21      36%         3
 Inner Flame              Hex/Fire       6%         N/A       43%         3
 Flame Wave               Conj/Fire      8%         2d5       78%         4


Dungeon Overview and Level Annotations

Branches:
Dungeon (1/15)

Altars:


Message History

The giant cockroach bites you but does no damage.
You hit the giant cockroach.
The giant cockroach is almost dead.
The giant cockroach barely misses you.
You hit the giant cockroach but do no damage.
The giant cockroach is almost dead.
The giant cockroach waves its antennae.
The giant cockroach closely misses you.
You closely miss the giant cockroach.
The giant cockroach is almost dead.
The giant cockroach barely misses you. The giant cockroach bites you.
You hit the giant cockroach.
You kill the giant cockroach!
An endoplasm comes into view.
A hobgoblin comes into view.
The hobgoblin shouts!
The endoplasm quivers.
You hear a shout!
The endoplasm barely misses you.
You hit the endoplasm but do no damage. The endoplasm barely misses you.
You hit the endoplasm but do no damage.
The hobgoblin hits you but does no damage.
The endoplasm closely misses you.
You hit the endoplasm but do no damage. The hobgoblin barely misses you.
The endoplasm freezes you.
You are frozen.
* * * LOW HITPOINT WARNING * * *
A kobold comes into view. It is wielding a +0 dagger.
You hit the endoplasm.
The endoplasm is moderately wounded.
The hobgoblin closely misses you.
The endoplasm hits you but does no damage.
An endoplasm comes into view.
Unknown command.
The hobgoblin attacks as you move away!
The hobgoblin hits you but does no damage.
The endoplasm attacks as you move away! The endoplasm hits you.
* * * LOW HITPOINT WARNING * * *
The hobgoblin attacks as you move away! The hobgoblin hits you.
You die...

#....# .#
#....# .#
#...K# .#
#....##.##
####....#...#
........#...###
.##...........#
......Jg..$...#
####..#@......#
#...........#
#.........#.#
#..#........#
#..##.....#.#
... ##...##.#
... ......##.#
#r## ####.###.#
#.# ##.###.#


You could see an endoplasm, a hobgoblin, a kobold and a rat (asleep).

Vanquished Creatures
  An endoplasm (D:1)
  2 giant cockroaches (D:1)
  A bat (D:1)
4 creatures vanquished.

Vanquished Creatures (others)
  9 foxfires (D:1)
9 creatures vanquished.

Grand Total: 13 creatures vanquished

Notes
Turn   | Place    | Note
-------+----------+-------------------------------------------
     0 | D:1      | xian the Demonspawn Fire Elementalist began the quest for
                  | the Orb.
     0 | D:1      | Reached XP level 1. HP: 13/13 MP: 3/3
   416 | D:1      | Slain by a hobgoblin

Illustrated notes

Levels and vault maps discovered:
D:1:      sevenhm_arrival_forest_fort_small_3, layout_loops_ring

Action                   || total
-------------------------++-------
Melee: Spear             ||    29
 Cast: Foxfire           ||     5
Armor: Leather armour    ||    14
Dodge: Dodged            ||    22
